Unix NetHack Version 5.0.0-0 post-release - last build May 23 2026 06:08:33 (1c0ff79ee797540d5714e4e18072db0edd9e58ae,branch:main).

Game began 2026-05-23 13:33:44, ended 2026-05-23 13:53:47.

Atomicjoy, chaotic male elven Wizard

         ---------                                                   --------
         |....<...       ---------                                   |.!.!!!|
         |.......|       |.....*.|                                   |.!!.!!|
         |.......|       |.......-#                                  |.!!!.!|
         |........       -.-----+-#                                 #-.!!.!!|
         -----.---        #       #                                 #--------
             ##           #       #                                 %@
             #           ##       #                                  G
             #         ###   #    #                                  #
    ##########          ######### #         ---------.--             #
   -|----------   #    ####    #########    |..........|             #
   |..........|###  ---+-.-- ###  #---|-#   |..........|       ------#
   |...........###  |......|##     |...-####...........|       |.....#
   |..........|#    |......|#      |...|#   |..........|       |....|
   ------------##   |>.....|#      ....|    |..........|  #####.....|
                ##  --------#      |..(|    ............###    ------
                 ############      -----    ------------

Atomicjoy the Conjurer    St:12 Dx:8 Co:15 In:18 Wi:8 Ch:16  Chaotic
Dlvl:6  $:138 HP:9(27) Pw:11(38) AC:6  Xp:3 T:1888  Burdened

Latest messages:
 You see here 5 gold pieces.
 You have a little trouble lifting $ - 5 gold pieces (138 in total).
 This door is locked.
 This door is locked.
 This door is locked.
 In what direction? 6
 KABOOM!!  You see a door explode.
 The door resists!
 The door opens.
 "Hello, Atomicjoy!  Welcome to Zum Loch's liquor emporium!"
 You see here a purple-red potion (for sale, 38 zorkmids).
 You see here a clear potion (for sale, 4 zorkmids).
 The kitten picks up an emerald potion.
 The kitten drops an emerald potion.
 The kitten picks up an emerald potion.
 You see here a clear potion (for sale, 4 zorkmids).
 You see here a purple-red potion (for sale, 50 zorkmids).
 The kitten drops an emerald potion.
 You see here a black potion (for sale, 75 zorkmids).
 The kitten picks up a swirly potion.
 You see here a cyan potion (for sale, 150 zorkmids).
 You see here a murky potion (for sale, 150 zorkmids).
 You see here an orange potion (for sale, 113 zorkmids).
 You see here a clear potion (for sale, 5 zorkmids).
 That clear potion is a small mimic!
 The small mimic hits!
 You see here a brown potion (for sale, 38 zorkmids).
 You see here a purple-red potion (for sale, 38 zorkmids).
 The kitten drops a swirly potion.
 You see here a swirly potion.
 You learn more about your items by comparing them.
 You have a little trouble lifting s - an uncursed swirly potion (2 in total).
 "Hello, Atomicjoy!  Welcome again to Zum Loch's liquor emporium!"
 That purple-red potion is a small mimic!
 You swap places with your kitten.
 Are you waiting to get hit?  Use 'm' prefix to force a no-op (to rest).
 In what direction? 2
 The spell hits the gnome lord!
 The kitten starves.
 You miss the gnome lord.
 The gnome lord hits!
 You hit the gnome lord.
 The gnome lord hits!
 You miss the gnome lord.
 You miss the gnome lord.
 The gnome lord hits!
 The gnome lord misses!
 You hear a gurgling noise.
 Really quit without saving? [yn] (n) y
 Do you want your possessions identified? [ynq] (y) q

Inventory:
 Coins    ('$')
  $ - 138 gold pieces
 Weapons  (')')
  P - a +2 crossbow
  M - a +0 elven dagger
  A - a blessed +0 knife (weapon in right hand)
  I - a +0 orcish dagger
  a - a blessed +1 quarterstaff (alternate weapon; not wielded)
 Armor    ('[')
  H - an uncursed +0 orcish helm (being worn)
  F - a blessed +1 pair of elven boots (being worn)
  b - an uncursed +0 cloak of magic resistance (being worn)
 Comestibles  ('%')
  r - 3 uncursed food rations
  z - a cursed sprig of wolfsbane
 Scrolls  ('?')
  j - a blessed scroll of earth
  Q - an uncursed scroll of enchant armor
  w - an uncursed scroll of enchant weapon
  N - an uncursed scroll of light
  K - a cursed scroll of light
  k - 2 uncursed scrolls of remove curse
  v - a cursed scroll of remove curse
  i - an uncursed scroll of taming
 Spellbooks  ('+')
  t - a blessed spellbook of charm monster
  m - an uncursed spellbook of confuse monster
  l - a blessed spellbook of force bolt
 Potions  ('!')
  h - a blessed potion of booze
  y - an uncursed potion of enlightenment
  B - an uncursed potion of fruit juice
  g - an uncursed potion of gain ability
  J - an uncursed potion of hallucination
  f - 7 uncursed potions of healing
  O - an uncursed potion of levitation
  q - an uncursed potion of monster detection
  s - 2 uncursed potions of paralysis
 Rings    ('=')
  e - a blessed +3 ring of increase damage
  d - an uncursed ring of teleport control
 Wands    ('/')
  c - a wand of lightning (0:4)
  x - a wand of magic missile (0:8)
 Tools    ('(')
  p - an uncursed bell
  o - an uncursed blindfold
  C - a +0 grappling hook
  n - a magic marker (0:19)
 Gems/Stones  ('*')
  R - an uncursed amber stone
  E - 2 uncursed amethyst stones
  u - 2 uncursed worthless pieces of violet glass

Atomicjoy the Wizard's attributes:

Background:
 You were a Conjurer, a level 3 male elven Wizard.
 You were chaotic, on a mission for Anhur
 who was opposed by Ptah (lawful) and Thoth (neutral).
 You were right-handed.
 You were in the Dungeons of Doom, on level 6.
 You entered the dungeon 1888 turns ago.
 You had 55 experience points, 25 more were needed to attain level 4.

Basics:
 You had 9 out of 27 hit points.
 You had 11 out of 38 energy points (spell power).
 Your armor class was 6.
 Your wallet contained 138 zorkmids.
 Autopickup was off.

Final Characteristics:
 Your strength was 12 (limit:18).
 Your dexterity was 8 (limit:18).
 Your constitution was 15 (limit:16).
 Your intelligence was 18 (limit:20).
 Your wisdom was 8 (limit:20).
 Your charisma was 16 (limit:18).

Final Status:
 You weren't hungry.
 You were burdened; movement was slightly slowed.
 You were wielding a knife.
 You were unskilled in knife.

Final Attributes:
 You were devoutly aligned.
 You were magic-protected.
 You had infravision.
 You were stealthy.
 You were warded.
 You survived.

Miscellaneous:
 You didn't encounter any bones levels.
 Total elapsed playing time was 20 minutes and 2 seconds.

Major events:
 Turn
    1: Atomicjoy the chaotic male elven Wizard entered the dungeon
  949: entered the Gnomish Mines
 1327: attained the rank of Conjurer (level 3)
 1888: quit

Spells:
 Name                 Level Category     Fail Retention
 force bolt             1   attack         0%  91%-100%
 confuse monster        1   enchantment    0%  91%-100%
 charm monster          5   enchantment  100%  91%-100%

Skills:
 Fighting Skills
   bare handed combat [Unskilled]
   riding             [Unskilled]
 Weapon Skills
   dagger             [Unskilled]
   knife              [Unskilled]
   axe                [Unskilled]
   short sword        [Unskilled]
   club               [Unskilled]
   mace               [Unskilled]
   quarterstaff       [Basic]
   polearms           [Unskilled]
   spear              [Unskilled]
   trident            [Unskilled]
   sling              [Unskilled]
   dart               [Unskilled]
   shuriken           [Unskilled]
 Spellcasting Skills
   attack spells      [Basic]
   healing spells     [Unskilled]
   divination spells  [Unskilled]
   enchantment spells [Basic]
   clerical spells    [Unskilled]
   escape spells      [Unskilled]
   matter spells      [Unskilled]

Voluntary challenges:
 Character rerolling was not enabled.
 You never genocided any monsters.
 You never polymorphed an object.
 You never changed form.
 You used no wishes.
Achievements:
 You entered the Gnomish Mines.
 You attained the rank of Conjurer.
 You entered a shop.

 The Dungeons of Doom: levels 1 to 7
    Level 1:
    Level 2:
       An altar.
    Level 3:
       Some fountains.
    Level 4:
       A fountain.
       Stairs down to The Gnomish Mines.
    Level 5:
       A fountain.
    Level 6: <- You were here.
       A potion shop.
    Level 7:
 The Gnomish Mines:
    Level 5:


Vanquished creatures:
  a rock mole
  2 giant ants
  a kitten
  2 iguanas
  a gas spore
  a hobbit
  2 giant rats
  2 yellow molds
  4 jackals
  3 goblins
  a grid bug
  a bat
  3 lichens
  a kobold zombie
  4 newts
29 creatures vanquished.

No species were genocided or became extinct.

Goodbye Atomicjoy the Wizard...

You quit in The Dungeons of Doom on dungeon level 6 with 658 points,
and 138 pieces of gold, after 1888 moves.
You were level 3 with a maximum of 27 hit points when you quit.

